AoeStats
← haffnhaff

Arabia

506222252Analyzed
1v1 RM · 19d ago on Sep 12, 2026· 14m 49s· 2 players
Game mode
Random Map
Map size
Tiny (2 player)
Population
200
Speed
Normal
Resources
Standard
Victory
Conquest
Starting age
Dark Age
Ending age
Imperial Age
RankedLock teamsTeams togetherTeam positionsShared explorationLock speedFull tech treeHidden civsTurbo modeCheats
Victory
Defeat
🇬🇷 Dravidians · Greece
1380
+16
🇺🇸 Vietnamese · United States
1372
-16
haffnhaff
7:13 Loom
10:15 Feudal Age
12:36 Town Watch
konstantius
9:29 Feudal Age
8:03 Loom
9:49 Man-at-Arms
11:04 Double-Bit Axe
11:53 Town Watch
12:36 Arson
13:40 Fletching
Connection lost

Rejoining the realm…

Still unreachable

The connection could not be restored.

Session expired

The server has moved on; the page needs a fresh start.